[Event "Sunday07 January Rapid Engine Tour 12+1 Rounds 9 Starts 1600 ST"]
[Site "Infinity Chess"]
[Date "2018.1.7"]
[Round "7"]
[White "SkyPilot"]
[Black "xeonrocks"]
[Result "1/2-1/2"]
[ECO "C53"]
[WhiteElo "2488"]
[BlackElo "2510"]
[WhiteEngine "stockfish_x64_bmi2_2018_01_01_CTG"]
[BlackEngine "asmFishW_CTG"]
[EventType "Swiss"]
[WhiteTeam ""]
[BlackTeam ""]
[PlyCount "251"]
[TimeControl "720+1"]

1. e4 e5 2. Nf3 Nc6 3. Bc4 Bc5 4. c3 Nf6 5. d3 d6 6. O-O O-O 7. Bg5 h6 8. Bh4 a6 
9. Nbd2 Ba7 10. b4 g5 11. Bg3 b5 12. Bb3 a5 13. bxa5 Nxa5 14. Bc2 c5 15. Rb1 Rb8 
16. Re1 b4 17. c4 Nc6 18. Nf1 Bg4 19. Ne3 Bxf3 20. Qxf3 Nd4 21. Qd1 Bb6 
22. Ba4 Ra8 23. Rb2 Kh7 24. f3 Qc8 25. Bf2 Bd8 26. Kh1 Ra7 27. Bb3 Rg8 
28. Rg1 Rg6 29. g3 h5 30. Nc2 Qh3 31. Be3 Nd7 32. Bc1 Nxc2 33. Rxc2 Nf8 
34. f4 gxf4 35. gxf4 Rxg1+ 36. Kxg1 Ng6 37. Rf2 exf4 38. Bxf4 Bf6 39. Qf1 Qxf1+ 
40. Rxf1 Nxf4 41. Rxf4 Be5 42. Rf5 Kh6 43. Kg2 Ra8 44. Kh3 Rg8 45. Rf1 Rg7 
46. Bc2 Rg4 47. Bd1 Rg6 48. Ba4 Rg5 49. Bb3 Kg6 50. Bd1 Kg7 51. Ba4 Kh6 
52. Bd1 Rg6 53. Ba4 Rf6 54. Rxf6+ Bxf6 55. Kg3 Be5+ 56. Kg2 Kg6 57. Bd1 h4 
58. h3 Bg7 59. Bg4 Bf8 60. Kf3 Kf6 61. Ke3 Ke5 62. Kd2 f6 63. Kd1 Kf4 
64. Kc2 Ke5 65. Kd2 Be7 66. Kc2 Bf8 67. Kb3 Kd4 68. Kc2 Bh6 69. Bd7 Bg7 
70. Bf5 Ke3 71. Kb3 Bf8 72. Kc2 Be7 73. Bd7 Kf3 74. Kd2 Bd8 75. Kc2 Ke2 
76. Bg4+ Ke1 77. Be6 Bc7 78. Bc8 Kf2 79. Bf5 Ke2 80. Be6 Ba5 81. Bd7 Kf2 
82. Bc8 Bc7 83. Be6 Bb6 84. Kd2 Kf3 85. Kc2 Kf4 86. Bc8 Ke3 87. Bg4 Ba5 
88. Bh5 Bb6 89. Bg4 Bc7 90. Bf5 Kf2 91. Bd7 Bd8 92. Kb3 Ke2 93. Kc2 Kf3 
94. Bg4+ Kf2 95. Kb3 Ke1 96. a3 bxa3 97. Kxa3 Kd2 98. Be6 Kxd3 99. Bd5 Kd4 
100. Ka4 Bc7 101. Ka3 Kc3 102. Bf7 Kc2 103. Ka4 Bd8 104. Kb5 Kd3 105. Kc6 Kxe4 
106. Kd7 Ba5 107. Kxd6 Kd4 108. Ke6 Kxc4 109. Kxf6+ Kc3 110. Kg5 Bd8+ 
111. Kg4 Kd3 112. Kf4 Kd2 113. Kg4 Ke3 114. Bd5 Ke2 115. Bf7 Be7 116. Ba2 Kd3 
117. Be6 Ke3 118. Ba2 Bf6 119. Be6 Kd3 120. Ba2 Ke3 121. Bd5 Kf2 122. Bf7 Ke3 
123. Ba2 Kd3 124. Kf4 Kd4 125. Kg4 c4 126. Bxc4 1/2-1/2

[Event "Sunday07 January Rapid Engine Tour 12+1 Rounds 9 Starts 1600 ST"]
[Site "Infinity Chess"]
[Date "2018.1.7"]
[Round "7"]
[White "fati64"]
[Black "THE_MACHINE"]
[Result "1/2-1/2"]
[ECO "C50"]
[WhiteElo "2496"]
[BlackElo "2519"]
[WhiteEngine "Raubfisch ME262_GTZ16b1."]
[BlackEngine "BrainFish_180106_x64_bmi2"]
[EventType "Swiss"]
[WhiteTeam ""]
[BlackTeam ""]
[PlyCount "101"]
[TimeControl "720+1"]

1. e4 e5 2. Nf3 Nc6 3. Bc4 Bc5 4. O-O Nf6 5. d3 d6 6. c3 O-O 7. Bg5 h6 8. Bh4 a6 
9. Nbd2 Ba7 10. Bb3 g5 11. Bg3 Na5 12. Ba4 Nh5 13. b4 Nxg3 14. hxg3 Nc6 
15. Bxc6 bxc6 16. Nb3 Bg4 17. d4 f5 18. Qd3 f4 19. gxf4 Rxf4 20. Nfd2 Be6 
21. Rad1 Qe8 22. Nc1 Rf8 23. Nc4 Qf7 24. Ne3 Bb6 25. Nb3 Kg7 26. dxe5 dxe5 
27. c4 Rad8 28. Qe2 Bd4 29. Na5 Qe8 30. Nb3 Qg6 31. Nxd4 exd4 32. Nf5+ Bxf5 
33. exf5 Qxf5 34. Qe7+ Qf7 35. Qe5+ Qf6 36. Qxc7+ Rf7 37. Qg3 Qf5 38. Rd3 Re7 
39. Rfd1 a5 40. bxa5 Qxa5 41. f4 Qc5 42. fxg5 hxg5 43. a4 Rf7 44. Re1 Rf4 
45. Qh3 g4 46. Qh4 Rh8 47. Re7+ Kg6 48. Re6+ Kg7 49. Re7+ Kg6 50. Re6+ Kg7 
51. Re7+ 1/2-1/2

[Event "Sunday07 January Rapid Engine Tour 12+1 Rounds 9 Starts 1600 ST"]
[Site "Infinity Chess"]
[Date "2018.1.7"]
[Round "7"]
[White "Victorious"]
[Black "KRAKEN"]
[Result "1/2-1/2"]
[ECO "D35"]
[WhiteElo "2502"]
[BlackElo "2475"]
[WhiteEngine "Houdini 6"]
[BlackEngine "Raubfisch X37b2_CTG"]
[EventType "Swiss"]
[WhiteTeam ""]
[BlackTeam ""]
[PlyCount "152"]
[TimeControl "720+1"]

1. d4 d5 2. c4 e6 3. Nc3 Nf6 4. cxd5 exd5 5. Bg5 c6 6. e3 h6 7. Bh4 Be7 
8. Qc2 O-O 9. Bd3 Re8 10. Nge2 b6 11. O-O Nbd7 12. Rac1 Bb7 13. h3 Nh5 
14. Bxe7 Qxe7 15. Rfd1 g6 16. Nb1 Rac8 17. Qa4 a6 18. b4 a5 19. bxa5 Ra8 
20. Qb3 Rxa5 21. a4 Rea8 22. Nbc3 Ba6 23. Bxa6 R8xa6 24. Rd2 Nhf6 25. Nf4 Ra8 
26. Qd1 Kg7 27. Rdc2 Qd6 28. h4 Ng8 29. Qf3 Rd8 30. Qg3 Kh7 31. Re1 Ndf6 
32. Qf3 Kg7 33. Rb1 Nd7 34. g4 Ngf6 35. Qg3 Qe7 36. Re1 Re8 37. f3 Raa8 
38. Nd3 Kg8 39. Rcc1 Qa3 40. Qf2 Rac8 41. Re2 Kf8 42. Kg2 Kg7 43. Rb2 Qe7 
44. Nf4 Ra8 45. Re1 Rac8 46. Ree2 Qa3 47. Rbc2 Qe7 48. Qg3 Nf8 49. Kf1 Ne6 
50. g5 hxg5 51. hxg5 Nd7 52. Nxe6+ Qxe6 53. e4 Rh8 54. exd5 Qf5 55. Qg4 Rh1+ 
56. Kg2 Rch8 57. Qxf5 gxf5 58. f4 R1h2+ 59. Kg1 Rh1+ 60. Kg2 R1h2+ 61. Kf1 Rh1+ 
62. Kf2 c5 63. dxc5 Nxc5 64. d6 R1h3 65. Kg1 Rh1+ 66. Kf2 b5 67. d7 bxa4 
68. Rcd2 Rd8 69. Re8 Rxd7 70. Rxd7 Nxd7 71. Nxa4 Rc1 72. Nb2 Nc5 73. Re5 Rc2+ 
74. Ke3 f6 75. Rxf5 Rxb2 76. Rxc5 fxg5 1/2-1/2

[Event "Sunday07 January Rapid Engine Tour 12+1 Rounds 9 Starts 1600 ST"]
[Site "Infinity Chess"]
[Date "2018.1.7"]
[Round "7"]
[White "Prometheus"]
[Black "Harry_Potter"]
[Result "1/2-1/2"]
[ECO "C77"]
[WhiteElo "2456"]
[BlackElo "2540"]
[WhiteEngine "Eman 1.58-64bit-IDeA"]
[BlackEngine "stockfish_18010422_x64_bmi2_CTG"]
[EventType "Swiss"]
[WhiteTeam ""]
[BlackTeam ""]
[PlyCount "161"]
[TimeControl "720+1"]

1. e4 e5 2. Nf3 Nc6 3. Bb5 a6 4. Ba4 Nf6 5. Bxc6 dxc6 6. d3 Bc5 7. O-O Qe7 
8. Nbd2 Bg4 9. Nc4 Nd7 10. Re1 Qf6 11. a4 O-O 12. Bd2 Bd4 13. a5 b5 
14. axb6 cxb6 15. h3 Bxf3 16. Qxf3 Qxf3 17. gxf3 a5 18. c3 Bc5 19. f4 f6 
20. b3 Ra6 21. Ra2 Rfa8 22. Rea1 Bf8 23. d4 exd4 24. cxd4 b5 25. Rxa5 Rxa5 
26. Nxa5 c5 27. Kg2 cxd4 28. b4 Nb6 29. Rc1 f5 30. Rc6 Na4 31. Nb3 Nc3 
32. Nxd4 Nxe4 33. Be3 g6 34. h4 Bxb4 35. Nxb5 Ra2 36. h5 Nxf2 37. Bxf2 Be1 
38. Kf1 Bxf2 39. hxg6 hxg6 40. Rxg6+ Kf7 41. Rg2 Rb2 42. Nd6+ Ke6 43. Nc4 Rb4 
44. Rg6+ Kd5 45. Kxf2 Rxc4 46. Kg3 Rd4 47. Rb6 Rd1 48. Ra6 Rf1 49. Ra8 Rc1 
50. Ra2 Rg1+ 51. Kf2 Rb1 52. Ra5+ Ke6 53. Ra2 Rh1 54. Ra6+ Kd5 55. Kg2 Rb1 
56. Ra2 Rc1 57. Ra7 Rc5 58. Ra1 Rc2+ 59. Kf3 Rb2 60. Rd1+ Kc4 61. Ke3 Rb3+ 
62. Kf2 Rb2+ 63. Ke1 Rc2 64. Ra1 Kd5 65. Ra4 Rc1+ 66. Ke2 Rb1 67. Ra2 Rc1 
68. Kf2 Rb1 69. Rc2 Rh1 70. Kf3 Rh3+ 71. Kg2 Rh4 72. Ra2 Rxf4 73. Ra1 Rg4+ 
74. Kf3 Kd6 75. Ra5 Rg1 76. Kf2 Rg5 77. Rb5 Kc7 78. Rb3 Kc6 79. Rd3 Kb6 
80. Rg3 Rxg3 81. Kxg3 1/2-1/2

[Event "Sunday07 January Rapid Engine Tour 12+1 Rounds 9 Starts 1600 ST"]
[Site "Infinity Chess"]
[Date "2018.1.7"]
[Round "6"]
[White "CoffeeOne"]
[Black "MGR"]
[Result "1/2-1/2"]
[ECO "C58"]
[WhiteElo "2480"]
[BlackElo "2467"]
[WhiteEngine "ĉfish-2018-01-07"]
[BlackEngine "asmFishW_2017-11-19_bmi2"]
[EventType "Swiss"]
[WhiteTeam ""]
[BlackTeam ""]
[PlyCount "56"]
[TimeControl "720+1"]

1. e4 e5 2. Nf3 Nc6 3. Bc4 Nf6 4. Ng5 d5 5. exd5 Na5 6. Bb5+ c6 7. dxc6 bxc6 
8. Be2 h6 9. Nh3 Nb7 10. O-O Bc5 11. d3 O-O 12. Nc3 Bf5 13. Kh1 Re8 14. Bf3 Rc8 
15. g4 Be6 16. Rg1 Nd6 17. Qf1 g5 18. Na4 Qa5 19. Nxc5 Qxc5 20. Bd1 e4 
21. dxe4 Ndxe4 22. f3 Bd5 23. fxe4 Nxe4 24. Rg2 Qc4 25. Kg1 Qd4+ 26. Kh1 Qc4 
27. Kg1 Qd4+ 28. Kh1 Qc4 1/2-1/2

[Event "Sunday07 January Rapid Engine Tour 12+1 Rounds 9 Starts 1600 ST"]
[Site "Infinity Chess"]
[Date "2018.1.7"]
[Round "6"]
[White "Dovahkiin"]
[Black "IronMan"]
[Result "1/2-1/2"]
[ECO "A00"]
[WhiteElo "2391"]
[BlackElo "2404"]
[WhiteEngine "BrainFish_180106_x64_modern_CTG"]
[BlackEngine "Stockfish SL BMI2"]
[EventType "Swiss"]
[WhiteTeam ""]
[BlackTeam ""]
[PlyCount "129"]
[TimeControl "720+1"]

1. e3 e5 2. e4 Nf6 3. Nc3 Bb4 4. a3 Ba5 5. Nf3 O-O 6. Be2 Re8 7. b4 Bb6 
8. O-O h6 9. Bb2 d6 10. d4 exd4 11. Nxd4 Nbd7 12. Nf5 Ne5 13. Na4 Bxf5 
14. exf5 d5 15. Nxb6 axb6 16. f4 Nc4 17. Bxc4 dxc4 18. Qf3 c6 19. Rad1 Qe7 
20. Qg3 Kh8 21. Rde1 Qd7 22. Bxf6 gxf6 23. Qc3 Kg7 24. Qg3+ Kf8 25. Qh4 Qd4+ 
26. Kh1 Kg7 27. Rd1 Qe4 28. Qg3+ Kh7 29. Qc3 Rg8 30. Rg1 Rad8 31. Rde1 Qd4 
32. Qxd4 Rxd4 33. Re7 Kg7 34. a4 c3 35. Rxb7 Rxb4 36. h3 c5 37. Re1 Rxa4 
38. Ree7 Rf8 39. Re3 Rxf4 40. Rxb6 Rxf5 41. Rc6 Rd8 42. Rxc3 Rd2 43. R6xc5 Rxc5 
44. Rxc5 f5 45. Rxf5 Rxc2 46. Kh2 Kg6 47. Rf4 h5 48. Ra4 Kf5 49. h4 Rc5 
50. g3 Rc1 51. Ra5+ Kg6 52. Ra6+ Kg7 53. Rb6 Rc2+ 54. Kh3 f6 55. Rb3 f5 
56. Rb5 Kf6 57. Rb6+ Kg7 58. Rb7+ Kf6 59. Rb6+ Ke5 60. Rh6 f4 61. Rxh5+ Ke4 
62. gxf4 Rc1 63. Kg3 Rg1+ 64. Kh2 Rg4 65. f5 1/2-1/2

[Event "Sunday07 January Rapid Engine Tour 12+1 Rounds 9 Starts 1600 ST"]
[Site "Infinity Chess"]
[Date "2018.1.7"]
[Round "6"]
[White "Satria_Ungu"]
[Black "angriff"]
[Result "1/2-1/2"]
[ECO "A40"]
[WhiteElo "2417"]
[BlackElo "2380"]
[WhiteEngine "Houdini 6_CTG"]
[BlackEngine "SF_64BIT_POPCNT_CTG"]
[EventType "Swiss"]
[WhiteTeam ""]
[BlackTeam ""]
[PlyCount "52"]
[TimeControl "720+1"]

1. d4 c6 2. Nf3 Nf6 3. c4 d5 4. Nc3 e6 5. e3 Nbd7 6. Qc2 Bd6 7. Bd3 O-O 
8. O-O dxc4 9. Bxc4 a6 10. e4 e5 11. h3 b5 12. Be2 Re8 13. Be3 exd4 14. Nxd4 Qc7 
15. Rad1 b4 16. Na4 c5 17. Nf5 Bh2+ 18. Kh1 Nxe4 19. g3 Ndf6 20. Nh6+ gxh6 
21. Kxh2 Bb7 22. Bf4 Qc6 23. Bf3 Qb5 24. Be2 Qc6 25. Bf3 Qb5 26. Be2 Qc6 1/2-1/2

[Event "Sunday07 January Rapid Engine Tour 12+1 Rounds 9 Starts 1600 ST"]
[Site "Infinity Chess"]
[Date "2018.1.7"]
[Round "6"]
[White "Thinker"]
[Black "OlivierEvan"]
[Result "1/2-1/2"]
[ECO "C55"]
[WhiteElo "2440"]
[BlackElo "2361"]
[WhiteEngine "BrainFish_180106_x64_modern_CTG"]
[BlackEngine "Houdini 6"]
[EventType "Swiss"]
[WhiteTeam ""]
[BlackTeam ""]
[PlyCount "157"]
[TimeControl "720+1"]

1. e4 e5 2. Nf3 Nc6 3. Bc4 Nf6 4. d3 Bc5 5. c3 d6 6. O-O O-O 7. h3 a6 8. Re1 Ba7 
9. Bb3 h6 10. Nbd2 Re8 11. Nf1 Be6 12. Bc2 d5 13. Qe2 b5 14. Bd2 Qd7 15. Ng3 d4 
16. a4 Bc5 17. Rec1 Qd6 18. Qe1 Bb6 19. Rab1 Red8 20. Rd1 Rab8 21. Ne2 dxc3 
22. bxc3 Qe7 23. Ng3 Nh7 24. Qe2 Qf6 25. axb5 axb5 26. Kh2 Bc5 27. Bb3 Nf8 
28. Be3 Bxb3 29. Rxb3 Ne6 30. Rdb1 b4 31. cxb4 Bxb4 32. Qc2 Ned4 33. Bxd4 exd4 
34. Qe2 g6 35. e5 Qe6 36. Qe4 Rb6 37. h4 Bc5 38. Rxb6 cxb6 39. h5 Kg7 
40. Re1 Qd5 41. Qf4 Qe6 42. hxg6 fxg6 43. Re4 Rf8 44. Qc1 g5 45. Kg1 Kh8 
46. Qd1 Qa2 47. e6 Bd6 48. Qc1 Qd5 49. Qe1 b5 50. Nh2 b4 51. Ng4 b3 52. Nxh6 b2 
53. Nf7+ Kg8 54. Qb1 Rb8 55. Nxd6 Qxd6 56. Nf5 Qc5 57. e7 Qc1+ 58. Re1 Qxb1 
59. Rxb1 Kf7 60. Kf1 Nxe7 61. Nd6+ Ke6 62. Nc4 Rb3 63. Rxb2 Rxd3 64. Ke2 Rc3 
65. Rb6+ Kd5 66. Nd2 d3+ 67. Kf3 Nc6 68. Ke3 Nd4 69. Ne4 Ra3 70. Nxg5 Nf5+ 
71. Kf3 Nh4+ 72. Ke3 Nxg2+ 73. Kd2 Nf4 74. Rb4 Ra2+ 75. Ke3 Re2+ 76. Kxf4 d2 
77. Rb8 Rxf2+ 78. Kg3 Re2 79. Rd8+ 1/2-1/2

[Event "Sunday07 January Rapid Engine Tour 12+1 Rounds 9 Starts 1600 ST"]
[Site "Infinity Chess"]
[Date "2018.1.7"]
[Round "6"]
[White "MarioDeMonti"]
[Black "miguello"]
[Result "1/2-1/2"]
[ECO "B06"]
[WhiteElo "2417"]
[BlackElo "2413"]
[WhiteEngine "stockfish_x64_bmi2_2017_12_26_CTG"]
[BlackEngine "asmFishW_2017-11-19_popcnt_CTG"]
[EventType "Swiss"]
[WhiteTeam ""]
[BlackTeam ""]
[PlyCount "126"]
[TimeControl "720+1"]

1. e4 g6 2. d4 Bg7 3. Nc3 d6 4. Nf3 Nf6 5. Be2 O-O 6. O-O c6 7. h3 Nbd7 8. a4 e5 
9. dxe5 dxe5 10. Bc4 Qa5 11. Bd2 Qc5 12. b3 Nb6 13. Bd3 Nbd7 14. a5 Re8 
15. Re1 Qe7 16. Bf1 Rd8 17. Qc1 Rb8 18. Na2 b6 19. axb6 axb6 20. Bb4 c5 
21. Bd2 Ne8 22. Nc3 Nd6 23. Ra7 Bb7 24. Rd1 Kh8 25. Bc4 Nc8 26. Ra1 Nd6 
27. Bd5 Nf8 28. Bh6 f6 29. Nh2 Ne6 30. Bxg7+ Kxg7 31. Bxe6 Qxe6 32. Ng4 Nf7 
33. Ne3 f5 34. f3 fxe4 35. Nxe4 Rxd1+ 36. Qxd1 Rd8 37. Qe1 Rd7 38. Nf2 h5 
39. Nc4 Bd5 40. Nd2 Bc6 41. Nde4 Nd6 42. Nxd6 Qxd6 43. Rd1 Qe7 44. Rd3 Rxd3 
45. Nxd3 e4 46. Nf2 Kf6 47. fxe4 Qe5 48. Qe3 Qg5 49. Qc3+ Ke6 50. Qc4+ Ke7 
51. Kf1 h4 52. b4 Qe3 53. bxc5 bxc5 54. Qd3 Qg5 55. Qc3 Kd6 56. Ke1 Qg3 
57. Qf3 Qe5 58. Qg4 Qc3+ 59. Kd1 Qd4+ 60. Ke2 Qc4+ 61. Ke1 Qc3+ 62. Kd1 Qd4+ 
63. Ke1 Qc3+ 1/2-1/2

[Event "Sunday07 January Rapid Engine Tour 12+1 Rounds 9 Starts 1600 ST"]
[Site "Infinity Chess"]
[Date "2018.1.7"]
[Round "6"]
[White "KillBill2017"]
[Black "hafaba"]
[Result "1/2-1/2"]
[ECO "B00"]
[WhiteElo "2432"]
[BlackElo "2422"]
[WhiteEngine "Raubfisch ME262_GTZ16b1._CTG"]
[BlackEngine "SF SL 03012018 POPCNT_CTG"]
[EventType "Swiss"]
[WhiteTeam ""]
[BlackTeam ""]
[PlyCount "99"]
[TimeControl "720+1"]

1. e4 Nc6 2. d4 d5 3. e5 Bf5 4. c3 e6 5. Nd2 Qd7 6. f4 h5 7. Be2 h4 8. Ngf3 h3 
9. g3 Nh6 10. O-O Nd8 11. b4 a5 12. bxa5 c5 13. dxc5 Bxc5+ 14. Nd4 Be4 
15. N2b3 Be7 16. Bb5 Nc6 17. Qh5 Kf8 18. a6 Rxa6 19. Bxa6 bxa6 20. Qe2 Qb7 
21. a4 g6 22. Ba3 Bxa3 23. Rxa3 Kg7 24. Nxc6 Qxc6 25. Nd4 Qc5 26. Rb3 Nf5 
27. Qd2 Qc4 28. Rb4 Qc7 29. Nxf5+ gxf5 30. Qd4 Rc8 31. Rf2 a5 32. Rb3 Qd7 
33. Rfb2 Rc4 34. Qb6 d4 35. Qd6 Qxd6 36. exd6 dxc3 37. d7 cxb2 38. d8=Q Rc1+ 
39. Kf2 Rc2+ 40. Ke1 Rc1+ 41. Kd2 Rc2+ 42. Ke3 Rc3+ 43. Rxc3 b1=Q 44. Kd2 Qb2+ 
45. Kd1 Qxc3 46. Qg5+ Kh8 47. Qh4+ Kg7 48. Qg5+ Kh8 49. Qh4+ Kg7 50. Qg5+ 
1/2-1/2

[Event "Sunday07 January Rapid Engine Tour 12+1 Rounds 9 Starts 1600 ST"]
[Site "Infinity Chess"]
[Date "2018.1.7"]
[Round "6"]
[White "Coco69"]
[Black "RonWeasley"]
[Result "1/2-1/2"]
[ECO "C11"]
[WhiteElo "2421"]
[BlackElo "2439"]
[WhiteEngine "BrainFish_180106_x64"]
[BlackEngine "BrainFish 060118_CTG"]
[EventType "Swiss"]
[WhiteTeam ""]
[BlackTeam ""]
[PlyCount "108"]
[TimeControl "720+1"]

1. e4 e6 2. d4 d5 3. Nc3 Nf6 4. e5 Nfd7 5. f4 c5 6. Nf3 Nc6 7. Be3 cxd4 
8. Nxd4 Qb6 9. Qd2 Qxb2 10. Rb1 Qa3 11. Bb5 Nxd4 12. Bxd4 a6 13. Bxd7+ Bxd7 
14. Rb3 Qe7 15. Rxb7 Rc8 16. O-O Qd8 17. f5 exf5 18. Qd3 Bc5 19. Bxc5 Rxc5 
20. Nxd5 Bc8 21. Re7+ Kf8 22. Qa3 Qa5 23. Qxa5 Rxa5 24. Rc7 Be6 25. Nf4 Rxe5 
26. Nxe6+ Rxe6 27. Rxf5 Re7 28. Rc8+ Re8 29. Rc7 Re7 30. Rc8+ Re8 31. Rfc5 Ke7 
32. R5c7+ Kf6 33. Rc6+ Ke5 34. R8c7 Re6 35. Rc3 Rf8 36. a4 g6 37. h4 Kf6 
38. Rf3+ Kg7 39. Rf4 h6 40. c4 g5 41. hxg5 hxg5 42. Rf1 Kg6 43. c5 f5 
44. Rc1 Rd8 45. c6 Re2 46. Kh1 Rh8+ 47. Kg1 f4 48. Rd7 f3 49. gxf3 Rhh2 
50. c7 Rhg2+ 51. Kf1 Rgf2+ 52. Kg1 Rg2+ 53. Kf1 Rgf2+ 54. Kg1 Rg2+ 1/2-1/2

[Event "Sunday07 January Rapid Engine Tour 12+1 Rounds 9 Starts 1600 ST"]
[Site "Infinity Chess"]
[Date "2018.1.7"]
[Round "6"]
[White "NINJA_JENGKA"]
[Black "Prometheus"]
[Result "0-1"]
[ECO "D30"]
[WhiteElo "2424"]
[BlackElo "2441"]
[WhiteEngine "Houdini 6_CTG"]
[BlackEngine "Eman 1.58-64bit-IDeA"]
[EventType "Swiss"]
[WhiteTeam ""]
[BlackTeam ""]
[PlyCount "123"]
[TimeControl "720+1"]

1. d4 d5 2. c4 e6 3. Nf3 c6 4. Nc3 Nf6 5. Bg5 dxc4 6. e4 b5 7. e5 h6 8. Bh4 g5 
9. Nxg5 hxg5 10. Bxg5 Nbd7 11. exf6 Bb7 12. a4 Qb6 13. Be2 O-O-O 14. Qc2 Qxd4 
15. Rd1 Qe5 16. h4 Bb4 17. g3 Rdg8 18. Be3 Nb6 19. Kf1 Rxg3 20. Bxb6 c5 
21. fxg3 Qxg3 22. Rg1 Qh3+ 23. Ke1 Qxh4+ 24. Kd2 Qh6+ 25. Ke1 Qe3 26. Rf1 axb6 
27. Qd2 Qg3+ 28. Rf2 Bd5 29. axb5 Rh4 30. Bf3 Rf4 31. Bg2 Rxf6 32. Bf1 Rf5 
33. Bg2 f6 34. Bf1 Re5+ 35. Be2 Qg1+ 36. Rf1 Qg3+ 37. Rf2 Re3 38. Qc1 Be4 
39. Kf1 Qh3+ 40. Ke1 Bd3 41. Qa1 Ba5 42. Kd2 Re5 43. Bxd3 Qe3+ 44. Kc2 cxd3+ 
45. Rxd3 Qxf2+ 46. Kb3 c4+ 47. Kxc4 Qc2 48. b4 Re4+ 49. Rd4 Rxd4+ 50. Kxd4 Qd2+ 
51. Ke4 Bxb4 52. Qa8+ Kd7 53. Qc6+ Ke7 54. Qc7+ Kf8 55. Qb8+ Kf7 56. Qc7+ Be7 
57. Kf3 f5 58. Ne2 Qd3+ 59. Kf2 Qxb5 60. Qb7 Qd3 61. Nf4 Qd4+ 62. Kf3 0-1

[Event "Sunday07 January Rapid Engine Tour 12+1 Rounds 9 Starts 1600 ST"]
[Site "Infinity Chess"]
[Date "2018.1.7"]
[Round "6"]
[White "Vimtiroba"]
[Black "ocirema"]
[Result "1/2-1/2"]
[ECO "C50"]
[WhiteElo "2451"]
[BlackElo "2434"]
[WhiteEngine "Corchess@ T2_CTG"]
[BlackEngine "Stockfish_18010423_720_x64_modern_BYO_RW_CTG"]
[EventType "Swiss"]
[WhiteTeam ""]
[BlackTeam ""]
[PlyCount "87"]
[TimeControl "720+1"]

1. e4 e5 2. Nf3 Nc6 3. Bc4 Bc5 4. d3 Nf6 5. O-O d6 6. c3 O-O 7. h3 a5 8. Re1 h6 
9. Nbd2 Be6 10. a4 Ba7 11. b3 d5 12. exd5 Nxd5 13. Ne4 Re8 14. Bd2 Nf6 
15. Qe2 Qe7 16. Bb5 Bxb3 17. c4 Nxe4 18. Qxe4 Rad8 19. Bxc6 bxc6 20. Bc3 Qd6 
21. Bxe5 Qxd3 22. Qg4 Qg6 23. Qxg6 fxg6 24. Bxc7 Rxe1+ 25. Rxe1 Rd1 
26. Rxd1 Bxd1 27. Bxa5 Bxa4 28. Kf1 Bd1 29. Ne5 Bb3 30. Nxc6 Bxc4+ 31. Kg1 Bc5 
32. Ne5 Bf7 33. Nxf7 Kxf7 34. Kf1 g5 35. Bc3 Be7 36. Ke2 Bf6 37. Be1 Ke6 
38. Ke3 Kd5 39. f4 gxf4+ 40. Kxf4 g6 41. Kf3 Be5 42. g4 h5 43. Bd2 hxg4+ 
44. hxg4 1/2-1/2

[Event "Sunday07 January Rapid Engine Tour 12+1 Rounds 9 Starts 1600 ST"]
[Site "Infinity Chess"]
[Date "2018.1.7"]
[Round "6"]
[White "incredible"]
[Black "Susanne"]
[Result "1/2-1/2"]
[ECO "B30"]
[WhiteElo "2470"]
[BlackElo "2471"]
[WhiteEngine "stockfish_18010422_x64_bmi2"]
[BlackEngine "BrainFish_180106_x64_bmi2_CTG"]
[EventType "Swiss"]
[WhiteTeam ""]
[BlackTeam ""]
[PlyCount "95"]
[TimeControl "720+1"]

1. e4 c5 2. Nf3 Nc6 3. Nc3 e6 4. d4 cxd4 5. Nxd4 Nf6 6. Ndb5 Bb4 7. a3 Bxc3+ 
8. Nxc3 d5 9. exd5 exd5 10. Bd3 O-O 11. O-O d4 12. Ne4 Bf5 13. Bg5 Bxe4 
14. Bxe4 h6 15. Bxf6 Qxf6 16. Re1 g6 17. Qf3 Qxf3 18. Bxf3 Rac8 19. h4 Rfd8 
20. Be4 Kg7 21. Re2 Rc7 22. Bd3 Rdd7 23. Rd1 h5 24. f3 Nd8 25. Kf2 Ne6 
26. Red2 Rd6 27. b3 Rc3 28. Bc4 Kf6 29. a4 Nc5 30. Rxd4 Rxc2+ 31. Kg3 Rxd4 
32. Rxd4 Ke7 33. Rd5 b6 34. Re5+ Kf6 35. Rd5 Ke7 36. Re5+ Kf6 37. Rd5 Rc3 
38. Rd4 Kg7 39. Rf4 f6 40. Rd4 Kh6 41. Bf7 Kg7 42. Bc4 a5 43. Kf4 Nxb3 
44. Rd7+ Kh8 45. Rd8+ Kg7 46. Rd7+ Kh8 47. Rd8+ Kg7 48. Rd7+ 1/2-1/2

[Event "Sunday07 January Rapid Engine Tour 12+1 Rounds 9 Starts 1600 ST"]
[Site "Infinity Chess"]
[Date "2018.1.7"]
[Round "6"]
[White "Marsell"]
[Black "Murx"]
[Result "1/2-1/2"]
[ECO "C55"]
[WhiteElo "2475"]
[BlackElo "2455"]
[WhiteEngine "asmFishW_2017-12-07_popcnt"]
[BlackEngine "BrainFish_171226_x64_modern"]
[EventType "Swiss"]
[WhiteTeam ""]
[BlackTeam ""]
[PlyCount "187"]
[TimeControl "720+1"]

1. e4 e5 2. Nf3 Nc6 3. Bc4 Nf6 4. d3 a6 5. Nc3 Bc5 6. O-O d6 7. Nd5 h6 8. c3 O-O 
9. Nxf6+ Qxf6 10. a4 a5 11. Be3 Bg4 12. h3 Bd7 13. Re1 Bxe3 14. Rxe3 Ne7 
15. d4 Ng6 16. Bf1 Qe6 17. g3 Rad8 18. b3 b6 19. b4 f6 20. Nd2 Qf7 21. Bc4 Be6 
22. Bxe6 Qxe6 23. Qb3 Qxb3 24. Nxb3 Ra8 25. h4 h5 26. b5 Rfd8 27. Kg2 Rac8 
28. Rc1 Kf7 29. Ree1 c5 30. bxc6 Rxc6 31. c4 Rdc8 32. c5 bxc5 33. dxc5 dxc5 
34. Nxa5 Ra6 35. Nc4 Rb8 36. a5 Rb4 37. Red1 Nf8 38. Rd5 Ne6 39. Nd6+ Kf8 
40. Rc4 Ke7 41. Rxb4 cxb4 42. Nf5+ Kf7 43. Rd7+ Kg6 44. Rb7 Rxa5 45. Rxb4 Nc5 
46. f3 Kh7 47. Rb8 g6 48. Ne3 Ra2+ 49. Kf1 Kh6 50. Rb5 Ra1+ 51. Kg2 Ra2+ 
52. Kf1 Ra1+ 53. Ke2 Ne6 54. Rb2 Nd4+ 55. Kf2 Ra3 56. f4 exf4 57. gxf4 Ne6 
58. Kf3 Kg7 59. Rb6 Nd4+ 60. Kf2 Ra2+ 61. Kg3 Ra3 62. Kf2 Kf7 63. Rb2 f5 
64. e5 Ne6 65. Nd5 Ke8 66. Rb7 Kf8 67. Ke2 Nd4+ 68. Kf2 Ne6 69. Rb8+ Kf7 
70. Rb2 Kf8 71. Rb7 Nd4 72. Rb6 Kf7 73. Rf6+ Kg7 74. e6 Ra7 75. e7 Rxe7 
76. Rxg6+ Kxg6 77. Nxe7+ Kf6 78. Nd5+ Kf7 79. Nc3 Nc2 80. Kg3 Nd4 81. Nb1 Ke6 
82. Nd2 Nc2 83. Nb1 Nb4 84. Nd2 Kd5 85. Kf3 Nd3 86. Nb1 Kd6 87. Nc3 Ne1+ 
88. Kg3 Nc2 89. Nb1 Kd5 90. Nd2 Ne1 91. Nb1 Nc2 92. Nd2 Na1 93. Kf2 Nc2 94. Kg3 
1/2-1/2

[Event "Sunday07 January Rapid Engine Tour 12+1 Rounds 9 Starts 1600 ST"]
[Site "Infinity Chess"]
[Date "2018.1.7"]
[Round "6"]
[White "Gilgamesch"]
[Black "Victorious"]
[Result "1/2-1/2"]
[ECO "D31"]
[WhiteElo "2476"]
[BlackElo "2503"]
[WhiteEngine "BrainFish_171005_x64_bmi2"]
[BlackEngine "Houdini 6"]
[EventType "Swiss"]
[WhiteTeam ""]
[BlackTeam ""]
[PlyCount "150"]
[TimeControl "720+1"]

1. d4 d5 2. c4 e6 3. Nc3 c6 4. Nf3 Nf6 5. Bg5 h6 6. Bxf6 Qxf6 7. e3 Nd7 
8. Bd3 dxc4 9. Bxc4 g6 10. Qc2 Bg7 11. Bb3 O-O 12. Ne4 Qe7 13. O-O e5 
14. Ng3 Kh8 15. h3 Re8 16. Rae1 a5 17. a3 e4 18. Nd2 Nf6 19. Rc1 h5 20. Qc5 Be6 
21. Qxe7 Rxe7 22. Ba4 Kg8 23. Ne2 Bh6 24. Rfe1 Kg7 25. Nc3 Rd8 26. Rcd1 Bf5 
27. Bb3 Nd5 28. Bc2 Kg8 29. Kf1 Nxc3 30. bxc3 Bf8 31. Ra1 b5 32. a4 b4 
33. cxb4 axb4 34. Nb3 Be6 35. Reb1 Bd5 36. Nc5 Rb8 37. Rb2 Rc7 38. Nxe4 Kg7 
39. Bd3 Ra7 40. Nd2 c5 41. e4 Bb7 42. d5 Bd6 43. Rba2 f5 44. f3 fxe4 
45. fxe4 Be5 46. Rc1 b3 47. Nxb3 Bxd5 48. exd5 Rxb3 49. Bc4 Rb2 50. Rxb2 Bxb2 
51. Rc2 Rxa4 52. d6 Bf6 53. Ke2 Rb4 54. d7 Be7 55. Kf3 Rb7 56. Rd2 Rb4 
57. Ba6 Rb6 58. Bc4 Rb4 59. Ba6 Rb6 60. Bc8 Rf6+ 61. Ke2 Re6+ 62. Kd1 Bd8 
63. Kc2 Kf6 64. Kc3 Re4 65. Rd6+ Re6 66. Rxe6+ Kxe6 67. Kc4 Kd6 68. g3 Bc7 
69. h4 Ke7 70. Kxc5 Bxg3 71. Kc6 Bxh4 72. d8=Q+ Kxd8 73. Ba6 Ke7 74. Kd5 Be1 
75. Bb5 Kf6 1/2-1/2